 Dungeon Crawl Stone Soup version 0.25-b1-23-ge2ad7d536c (webtiles) character file.

Game seed: 5388089631126741493, levelgen mode: deterministic

5270 lepoulpe303 the Cleaver (level 10, -17/92 HPs)
             Began as a Deep Dwarf Fighter on May 29, 2020.
             Was a Priest of Makhleb.
             Killed from afar by Jorgrun (51 damage)
             ... with an iron shot
             ... on level 1 of the Orcish Mines on May 30, 2020.
             The game lasted 00:33:23 (8357 turns).

lepoulpe303 the Cleaver (Deep Dwarf Fighter)        Turns: 8357, Time: 00:33:23

Health: -17/92     AC: 17    Str: 28    XL:     10   Next: 36%
Magic:  10/10      EV: 10    Int:  9    God:    Makhleb [***...]
Gold:   590        SH: 12    Dex: 13    Spells: 9/9 levels left

rFire    + . .     SeeInvis .   a - +0 war axe
rCold    . . .     Gourm    .   c - +0 kite shield
rNeg     . . .     Faith    .   H - +1 ring mail of the Hanged Man {rF+ Slay+3}
rPois    .         Spirit   .   (no helmet)
rElec    .         Reflect  .   D - +0 cloak
rCorr    .         Harm     .   O - +2 pair of gloves
MR       +....                  Q - +0 pair of boots
Stlth    +.........             I - amulet of the acrobat
HPRegen  0.00/turn              L - +4 ring of protection
MPRegen  0.12/turn              P - +6 ring of strength

@: non-regenerating
A: damage resistance, heal wounds, sense surroundings 2, no regeneration
a: Heal Wounds, Minor Destruction, Lesser Servant of Makhleb, Renounce Religion


You were on level 1 of the Orcish Mines.
You worshipped Makhleb.
Makhleb was most pleased with you.
You were hungry.

You visited 2 branches of the dungeon, and saw 11 of its levels.

You collected 590 gold pieces.

Inventory:

Hand Weapons
 a - a +0 war axe (weapon)
 b - a +4 morningstar of flaming
Missiles
 j - 5 boomerangs (quivered)
 r - 38 poisoned darts
 F - 5 silver javelins
Armour
 c - a +0 kite shield (worn)
 k - a +0 chain mail
 D - a +0 cloak (worn)
 E - the +5 ring mail "Zuqa" {rC+}
   (You found it on level 4 of the Dungeon)

   It protects you from cold.
 H - the +1 ring mail of the Hanged Man (worn) {rF+ Slay+3}
   (You found it on level 4 of the Dungeon)

   It affects your accuracy and damage with ranged weapons and melee attacks
   (+3).
   It protects you from fire.
 M - a +0 plate armour
 O - a +2 pair of gloves (worn)
 Q - a +0 pair of boots (worn)
 X - +0 acid dragon scales
Jewellery
 l - an uncursed amulet of faith {Faith, !P}
 I - an amulet of the acrobat (around neck)
 J - an uncursed ring of fire {rF+, rC-}
 L - a +4 ring of protection (left hand)
 P - a +6 ring of strength (right hand)
 S - an uncursed ring of see invisible
Wands
 f - a wand of disintegration (2)
 N - a wand of acid (6)
 R - a wand of iceblast (4)
 U - a wand of clouds (3)
 W - a wand of polymorph (10)
Scrolls
 i - 4 scrolls of identify
 n - 5 scrolls of enchant weapon {unknown}
 u - a scroll of fear {unknown}
 v - 5 scrolls of amnesia {unknown}
 w - 6 scrolls of remove curse
 y - 2 scrolls of blinking {unknown}
 z - 3 scrolls of fog {unknown}
 A - 4 scrolls of teleportation {unknown}
 B - 3 scrolls of enchant armour
 C - 2 scrolls of noise {unknown}
 G - a scroll of magic mapping {unknown}
 T - a scroll of immolation {unknown}
Potions
 d - a potion of might
 g - 2 potions of stabbing {unknown}
 h - 2 potions of haste
 m - 4 potions of heal wounds {unknown}
 o - a potion of brilliance {unknown}
 p - 2 potions of mutation {unknown}
 q - 7 potions of curing
 s - a potion of flight {unknown}
 t - a potion of lignification {unknown}
 x - a potion of ambrosia {unknown}
 K - a potion of magic {unknown}
 V - a potion of invisibility {unknown}
Comestibles
 e - 23 rations


   Skills:
 + Level 6.8 Fighting
 * Level 10.5 Axes
 + Level 8.1 Armour
 + Level 1.5 Dodging
 + Level 8.1 Shields
 * Level 3.0 Invocations
 + Level 2.1 Evocations


You had 9 spell levels left.
You didn't know any spells.
Your spell library contained the following spells:

 Spells                   Type           Power        Failure   Level  Hunger
 Animate Skeleton         Necr           N/A          80%         1    ##.....
 Apportation              Tloc           #.....       80%         1    ##.....
 Corona                   Hex            #......      80%         1    ##.....
 Summon Small Mammal      Summ           #...         80%         1    ##.....


Dungeon Overview and Level Annotations

Branches:
Dungeon (10/15)            Temple (0/1) D:7             Orc (1/2) D:10
   Lair: D:8-11

Altars:
Ashenzari
Elyvilon
Kikubaaqudgha
Makhleb
Ru
Yredelemnul
The Shining One

Shops:
D:9 =

Annotations:
D:4 2 runed translucent doors, smbutler8's ghost, novice TrFi
D:7 exclusion: oklob sapling
D:8 Prince Ribbit
Orc:1 Jorgrun


Innate Abilities, Weirdness & Mutations

You are resistant to damage.
You can heal yourself by infusing magical energy.
You passively map the area around you.
You do not regenerate.


Message History

The blast of rock fragments hits you!
You hear a shout! x3
You take 10 damage, and have 78/92 hp.
You hit Jorgrun. Jorgrun gestures at you while chanting.
The iron shot hits you!!!
Ouch! That really hurt!
* * * LOW HITPOINT WARNING * * *
You take 58 damage, and have 20/92 hp.
MASSIVE DAMAGE!!
You feel much better. Jorgrun hits you but does no damage. Jorgrun crushes you.
You regained 14 hp, and now have 34/92 hp.
You closely miss Jorgrun.
An orc warrior comes into view. It is wielding a +0 war axe.
The orc warrior shouts!
You hit Jorgrun. Jorgrun casts a spell at you. The iron shot hits you!!!
Ouch! That really hurt!
You die...

* ### , ####..#
, #..... ,
##...., .### ,,
#....# .#.# , ,
#.4g.# $...*
#..@.##.$#** ,,
*** #.#..#...#
**, *#*#)...##*
* #.....# , *
#..).##* , ,,
#))#...# * ,
#......##$..# *
,
###....#*#o..>,
* #$...$# ..###


You could see Jorgrun, an orc warrior and a friendly hellwing (summoned).

Levels and vault maps discovered:
D:1:      lightli_arrival_chessboard, layout_loops_ring, minmay_tetromino_s2
D:2:      minmay_razor_zed, layout_basic,
          chequers_temple_overflow_statue_of_worship, serial_bayou_pond_a
D:3:      layout_loops_corners, amethyst_overflow_temple_binary,
          elyvilon_altar_3, serial_park_tiny_2
D:4:      layout_loops_ring, ebering_ghost_sewer_f
D:5:      layout_basic, first_ration, sigmund_edmund_badplayer
D:6:      layout_basic, uniq_edmund, uniq_menkaure
D:7:      layout_loops_ring, nicolae_overflow_crystal_walls,
          kennysheep_little_box, minmay_temple_entry_oklob, uniq_maggie,
          uniq_crazy_yiuf_cottage
D:8:      layout_loops_corners, uniq_prince_ribbit1
D:9:      layout_basic, serial_shops, nicolae_shop_crystal
D:10:     layout_small_grid, david_orc_3
Orc:1:    layout_diamond_mine, uniq_jorgrun

Notes
Turn   | Place    | Note
-------+----------+-------------------------------------------
     0 | D:1      | lepoulpe303 the Deep Dwarf Fighter began the quest for the
                  | Orb.
     0 | D:1      | Reached XP level 1. HP: 20/20 MP: 1/1
    94 | D:1      | Identified a +0 club
   130 | D:1      | Identified a +0 chain mail (You found it on level 1 of the
                  | Dungeon)
   177 | D:1      | Identified a +0 club
   288 | D:1      | Identified a +0 club
   294 | D:1      | Reached XP level 2. HP: 27/27 MP: 2/2
   343 | D:1      | Identified a +0 club
   361 | D:1      | Identified a +0 club
   793 | D:2      | Reached skill level 3 in Fighting
   793 | D:2      | Reached skill level 3 in Axes
   793 | D:2      | Reached XP level 3. HP: 27/34 MP: 3/3
   948 | D:2      | Identified a +0 pair of gloves (You found it on level 2 of
                  | the Dungeon)
   974 | D:2      | Found a shattered altar of Ashenzari.
   975 | D:2      | Found a glowing golden altar of the Shining One.
  1185 | D:2      | Identified a +0 club
  1250 | D:2      | Reached XP level 4. HP: 30/42 MP: 4/4
  1534 | D:3      | Identified a +0 club
  1534 | D:3      | Identified a +0 scale mail
  1534 | D:3      | Identified a +0 club
  1534 | D:3      | Identified a +3 leather armour
  1539 | D:3      | Identified a +0 short sword
  1539 | D:3      | Identified a +0 dagger of speed
  1539 | D:3      | Identified a +0 robe
  1539 | D:3      | Identified a +0 short sword
  1559 | D:3      | Reached skill level 4 in Armour
  1571 | D:3      | Reached skill level 4 in Shields
  1575 | D:3      | Identified a +0 dagger
  1575 | D:3      | Identified a cursed +0 scale mail
  1575 | D:3      | Identified a +0 dagger
  1683 | D:3      | Found a sacrificial altar of Ru.
  1683 | D:3      | Found a burning altar of Makhleb.
  1692 | D:3      | Became a worshipper of Makhleb the Destroyer
  1714 | D:3      | Identified a +0 hand axe
  1781 | D:3      | Found a white marble altar of Elyvilon.
  1802 | D:3      | Reached XP level 5. HP: 27/49 MP: 5/5
  1970 | D:3      | Identified a +0 dagger of speed
  1975 | D:3      | Reached skill level 4 in Axes
  2343 | D:3      | Identified a +0 club
  2390 | D:3      | Identified a +0 hand axe
  2390 | D:3      | Identified a +0 ring mail
  2390 | D:3      | Identified a +0 war axe
  2465 | D:3      | Identified a +0 cloak (You found it on level 3 of the
                  | Dungeon)
  2482 | D:4      | Identified a +0 falchion
  2482 | D:4      | Identified a +0 ring mail
  2533 | D:4      | Identified a +0 whip of electrocution
  2533 | D:4      | Identified a +0 ring mail
  2541 | D:4      | Got a heavily runed ring mail
  2542 | D:4      | Identified 5 scrolls of identify
  2542 | D:4      | Identified an amulet of faith (You found it on level 1 of
                  | the Dungeon)
  2543 | D:4      | Identified the +5 ring mail "Zuqa" {rC+} (You found it on
                  | level 4 of the Dungeon)
  2559 | D:4      | Identified a +0 dagger
  2559 | D:4      | Identified a +0 robe
  2559 | D:4      | Identified a +0 whip
  2559 | D:4      | Identified a +0 scale mail
  2559 | D:4      | Identified a +0 club
  2559 | D:4      | Identified a +0 leather armour
  2577 | D:4      | Reached * piety under Makhleb
  2780 | D:4      | Got a smoking ring mail
  2781 | D:4      | Identified 2 potions of curing
  2782 | D:4      | Identified 2 potions of haste
  2896 | D:4      | Found a runed translucent door.
  2897 | D:4      | Noticed smbutler8's ghost (novice TrFi)
  2945 | D:4      | Found a runed translucent door.
  3017 | D:4      | Identified an amulet of the acrobat (You found it on level
                  | 4 of the Dungeon)
  3018 | D:4      | Identified 3 scrolls of enchant armour
  3019 | D:4      | Identified 2 scrolls of remove curse
  3030 | D:4      | Identified the +1 ring mail of the Hanged Man {rF+ Slay+3}
                  | (You found it on level 4 of the Dungeon)
  3202 | D:4      | Reached XP level 6. HP: 22/57 MP: 6/6
  3263 | D:5      | Entered Level 5 of the Dungeon
  3411 | D:5      | Identified a +0 flail of protection
  3411 | D:5      | Identified a +0 ring mail
  3411 | D:5      | Noticed Edmund
  3429 | D:5      | Killed Edmund
  3429 | D:5      | Reached skill level 5 in Axes
  3455 | D:5      | Identified a +0 scythe
  3455 | D:5      | Identified a +0 robe
  3455 | D:5      | Noticed Sigmund
  3462 | D:5      | Killed Sigmund
  3462 | D:5      | Reached skill level 4 in Fighting
  3462 | D:5      | Reached XP level 7. HP: 28/64 MP: 7/7
  3500 | D:5      | Reached skill level 5 in Armour
  3500 | D:5      | Reached skill level 5 in Shields
  3545 | D:5      | Identified a +0 giant club
  3547 | D:5      | HP: 16/64 [ogre/+0 giant club (12)]
  3548 | D:5      | HP: 6/64 [ogre/+0 giant club (10)]
  3550 | D:5      | Reached skill level 6 in Axes
  3621 | D:5      | Identified a ring of protection (You found it on level 5 of
                  | the Dungeon)
  3944 | D:6      | Identified a +0 war axe
  4011 | D:6      | Identified a +0 dagger
  4011 | D:6      | Identified a +0 chain mail
  4011 | D:6      | Identified a +0 war axe
  4011 | D:6      | Identified a +0 ring mail
  4023 | D:6      | Identified a +0 dagger
  4023 | D:6      | Identified a +0 leather armour
  4031 | D:6      | Identified a +0 dagger
  4031 | D:6      | Identified a +0 ring mail
  4034 | D:6      | Identified a +0 whip
  4122 | D:6      | Identified a +2 pair of gloves (You found it on level 6 of
                  | the Dungeon)
  4136 | D:6      | Noticed Menkaure
  4140 | D:6      | Killed Menkaure
  4140 | D:6      | Reached XP level 8. HP: 46/73 MP: 7/7
  4141 | D:6      | Identified a +0 giant spiked club
  4151 | D:6      | Reached skill level 7 in Axes
  4624 | D:7      | Identified a +4 morningstar of flaming
  4624 | D:7      | Identified +0 acid dragon scales
  4624 | D:7      | Noticed Maggie
  4633 | D:7      | Killed Maggie
  4633 | D:7      | Reached skill level 5 in Fighting
  4633 | D:7      | Reached skill level 6 in Armour
  4633 | D:7      | Reached skill level 6 in Shields
  4796 | D:7      | Found an ancient bone altar of Kikubaaqudgha.
  4809 | D:7      | Identified a +0 giant club
  4876 | D:7      | Found a basalt altar of Yredelemnul.
  4893 | D:7      | Found a staircase to the Ecumenical Temple.
  4901 | D:7      | Identified a +0 hand axe
  4901 | D:7      | Identified a +0 plate armour
  4901 | D:7      | Identified a +0 flail
  4910 | D:7      | Reached skill level 8 in Axes
  4920 | D:7      | Identified a +2 whip of holy wrath
  4920 | D:7      | Identified a +0 dagger
  4920 | D:7      | Identified a +0 robe
  4929 | D:7      | HP: 18/74 [orc wizard/+0 dagger (1)]
  4978 | D:7      | Identified a +3 shortbow
  4978 | D:7      | Identified a +1 dagger of venom
  4978 | D:7      | Identified a +0 scale mail
  4978 | D:7      | HP: 14/75 [centaur/arrow (10)]
  4982 | D:7      | HP: 6/75 [centaur/arrow (2)]
  5335 | D:7      | Identified a +0 shortbow
  5344 | D:7      | Noticed a hippogriff
  5350 | D:7      | Gained mutation: You passively map the area around you.
                  | [Deep Dwarf growth]
  5350 | D:7      | Reached XP level 9. HP: 36/81 MP: 8/8
  5556 | D:7      | Found a runed translucent door.
  5557 | D:7      | Identified a +4 quarterstaff of chaos
  5557 | D:7      | Identified a +0 cloak
  5557 | D:7      | Noticed Crazy Yiuf
  5567 | D:7      | Killed Crazy Yiuf
  5696 | D:8      | Reached ** piety under Makhleb
  5698 | D:8      | Identified a +2 shortbow of freezing
  5752 | D:8      | Identified a +0 giant club
  5760 | D:8      | Reached skill level 7 in Armour
  5776 | D:8      | Reached skill level 9 in Axes
  5782 | D:8      | Reached skill level 7 in Shields
  5801 | D:8      | HP: 18/81 [poisoned by a killer bee]
  5805 | D:8      | HP: 7/81 [poisoned by a killer bee]
  5810 | D:8      | HP: 19/82 [poisoned by a killer bee]
  5813 | D:8      | HP: 9/82 [poisoned by a killer bee]
  5855 | D:8      | Identified a +0 giant spiked club
  5871 | D:8      | Reached skill level 6 in Fighting
  5936 | D:8      | Noticed Prince Ribbit
  6018 | D:8      | Identified a +0 shortbow
  6285 | D:8      | Identified a +0 giant spiked club
  6285 | D:8      | Identified a cursed -1 giant spiked club
  6285 | D:8      | Noticed a two-headed ogre
  6298 | D:8      | Killed a two-headed ogre
  6298 | D:8      | Reached skill level 10 in Axes
  6588 | D:8      | Identified a +0 pair of boots (You found it on level 8 of
                  | the Dungeon)
  6651 | D:9      | Reached XP level 10. HP: 61/92 MP: 8/8
  6784 | D:9      | Found Ibbodo's Jewellery Shop.
  6797 | D:9      | Identified a ring of strength (You found it on level 8 of
                  | the Dungeon)
  6799 | D:9      | Identified a ring of fire (You found it on level 5 of the
                  | Dungeon)
  6960 | D:9      | Identified a +2 shortbow of freezing
  6994 | D:9      | Reached skill level 1 in Invocations
  7048 | D:9      | Identified a +0 shortbow
  7424 | D:10     | Entered Level 10 of the Dungeon
  7424 | D:10     | Identified a +0 leather armour
  7424 | D:10     | Identified a +0 flail
  7424 | D:10     | Identified a +0 dagger
  7424 | D:10     | Identified a +0 robe
  7424 | D:10     | Identified a +5 dagger
  7424 | D:10     | Identified a +0 scale mail
  7425 | D:10     | Identified a +0 dagger
  7425 | D:10     | Identified a +0 leather armour
  7426 | D:10     | Identified a +0 shortbow
  7436 | D:10     | Reached skill level 8 in Armour
  7436 | D:10     | Reached skill level 1 in Evocations
  7458 | D:10     | Identified a +0 war axe
  7459 | D:10     | Identified a +0 club
  7461 | D:10     | Identified a cursed -2 dagger
  7479 | D:10     | Found a staircase to the Orcish Mines.
  7558 | D:10     | Reached skill level 1 in Dodging
  7558 | D:10     | Reached skill level 8 in Shields
  7558 | D:10     | Reached skill level 2 in Invocations
  7616 | D:10     | Reached *** piety under Makhleb
  7632 | D:10     | Identified a +0 scale mail
  7644 | D:10     | Identified a +0 battleaxe
  7644 | D:10     | Identified a +0 chain mail
  7644 | D:10     | Identified an uncursed ring of see invisible
  7644 | D:10     | Identified a +0 short sword
  7644 | D:10     | Identified a +0 leather armour
  7699 | D:10     | Identified a +0 club
  7705 | D:10     | Identified a +0 dagger
  7712 | D:10     | Identified a +0 giant club
  7720 | D:10     | Identified a +0 dagger
  7851 | D:10     | Identified a +0 giant club
  8323 | Orc:1    | Entered Level 1 of the Orcish Mines
  8326 | Orc:1    | Identified a +0 dagger
  8326 | Orc:1    | Identified a +0 robe
  8327 | Orc:1    | Identified a +0 hand axe
  8327 | Orc:1    | Identified a +0 chain mail
  8327 | Orc:1    | Identified a +0 short sword
  8327 | Orc:1    | Identified a cursed +0 chain mail
  8328 | Orc:1    | Identified a +0 dagger
  8328 | Orc:1    | Identified a +0 robe
  8333 | Orc:1    | Identified a +1 vampiric dagger
  8333 | Orc:1    | Identified a +0 robe
  8335 | Orc:1    | Reached skill level 2 in Evocations
  8350 | Orc:1    | Reached skill level 3 in Invocations
  8351 | Orc:1    | Identified a +0 robe
  8351 | Orc:1    | Noticed Jorgrun
  8354 | Orc:1    | HP: 20/92 [Jorgrun/iron shot (58)]
  8356 | Orc:1    | Identified a +0 war axe
  8356 | Orc:1    | Identified a cursed +0 chain mail
  8357 | Orc:1    | Killed from afar by Jorgrun

Table legend:
 A = Turns spent in this place as a percentage of turns spent in the entire game.
 B = Non-inter-level travel turns spent in this place as a percentage of non-inter-level travel turns spent in the entire game.
 C = Inter-level travel turns spent in this place as a percentage of turns spent in this place.
 D = Turns resting spent in this place as a percentage of non-inter-level travel turns spent in this place.
 E = Turns spent auto-exploring this place as a percentage of non-inter-level travel turns spent in this place.
 F = Non-inter-level travel turns spent in this place divided by the number of levels of this place that you've seen.
                   A       B       C       D       E      F
               +-------+-------+-------+-------+-------+----------------------
         Total | 100.0 | 100.0 |   7.3 |   1.5 |  76.9 | 704.0
       Dungeon |  99.6 |  99.6 |   7.4 |   1.5 |  77.2 | 771.0
  Orcish Mines |   0.4 |   0.4 |   0.0 |   0.0 |   0.0 |  34.0
               +-------+-------+-------+-------+-------+----------------------

Table legend:
 A = Kills in this place as a percentage of kills in entire the game.
 B = Kills by you in this place as a percentage of kills by you in the entire game.
 C = Kills by friends in this place as a percentage of kills by friends in the entire game.
 D = Other kills in this place as a percentage of other kills in the entire game.
 E = Experience gained in this place as a percentage of experience gained in the entire game.
 F = Experience gained in this place divided by the number of levels of this place that you have seen.
                   A       B       C       D       E      F
               +-------+-------+-------+-------+-------+----------------------
         Total | 100.0 | 100.0 | 100.0 | 100.0 | 100.0 | 684.5
       Dungeon |  97.2 |  97.2 | 100.0 | 100.0 |  96.6 | 727.2
  Orcish Mines |   2.8 |   2.8 |   0.0 |   0.0 |   3.4 | 257.0
               +-------+-------+-------+-------+-------+----------------------

Skill      XL: |  1  2  3  4  5  6  7  8  9 10 |
---------------+-------------------------------+-----
Fighting       | 3 4 5 6 |  6.8
Axes           | 3 4 5 6 8 10 | 10.5
Armour         | 4 5 6 7 8 |  8.1
Shields        | 4 5 6 7 8 |  8.1
Invocations    | 3 |  3.0
Evocations     | 2 |  2.1
Dodging        | 1 |  1.5

Action                   |  1- 3 |  4- 6 |  7- 9 | 10-12 || total
-------------------------+-------+-------+-------+-------++-------
Melee: War axe           |   127 |   197 |   265 |   113 ||   702
Throw: Boomerang         |    37 |    15 |    38 |    62 ||   152
       Dart              |       |       |     3 |       ||     3
Invok: Lesser Servant of |       |       |       |     1 ||     1
 Abil: Heal Wounds       |       |     1 |     7 |     1 ||     9
Evoke: Wand              |       |     1 |    10 |       ||    11
  Use: Scroll            |       |     7 |       |       ||     7
       Potion            |       |       |     1 |       ||     1
  Eat: Chunk             |     1 |     8 |    10 |     5 ||    24
Armor: Chain mail        |    82 |    74 |       |       ||   156
       Ring mail         |       |    25 |   104 |    29 ||   158
Dodge: Dodged            |    29 |    45 |    76 |    36 ||   186
Block: Kite shield       |    74 |    92 |   124 |    54 ||   344

Vanquished Creatures
  A two-headed ogre (D:8)
  Maggie (D:7)
  A killer bee (D:8)
  A hippogriff (D:7)
  A wraith (D:8)
  Sigmund (D:5)
  Edmund (D:5)
  Menkaure (D:6)
  A warg (D:10)
  A water moccasin (D:5)
  An ice beast (D:9)
  A sky beast (D:5)
  3 orc warriors
  7 ogres
  7 centaurs
  5 bullfrogs
  4 scorpions
  7 crimson imps
  2 howler monkeys (D:9)
  A bullfrog zombie (D:9)
  An orc priest (D:6)
  A hound (D:6)
  A jelly (D:10)
  Crazy Yiuf (D:7)
  5 worker ants
  3 iguanas
  7 orc wizards
  3 hound skeletons
  8 adders
  2 shadow imps
  2 adder zombies
  2 worms
  4 dart slugs
  3 leopard geckos
  35 orcs
  A ball python (D:2)
  5 bats
  5 giant cockroaches
  6 goblins
  9 hobgoblins
  4 jackals (D:2)
  6 kobolds (D:10)
  3 quokkas
  4 frilled lizards
  A quokka skeleton (D:8)
  A quokka zombie (D:6)
  8 rats
  3 fungi (D:7)
182 creatures vanquished.

Vanquished Creatures (collateral kills)
  A necrophage (D:8)
1 creature vanquished.

Vanquished Creatures (others)
  2 killer bees (D:8)
2 creatures vanquished.

Grand Total: 185 creatures vanquished
